 Dungeon Crawl Stone Soup version 0.29.0-4-gdea44cf6ec (webtiles) character file.

Game seed: 3515931748121133368

5508 qw the Grappler (level 10, -7/96 HPs)
             Began as a Troll Cinder Acolyte on Aug 30, 2022.
             Was a Believer of Ignis.
             Killed by divine providence
             ... invoked by a meliai
              (12 damage)
             ... on level 8 of the Dungeon.
             The game lasted 00:03:19 (6863 turns).

qw the Grappler (Troll Cinder Acolyte)              Turns: 6863, Time: 00:03:19

Health: -7/96      AC: 11    Str: 28    XL:     10   Next: 43%
Magic:  10/10      EV: 13    Int: 10    God:    Ignis [**....]
Gold:   450        SH:  0    Dex:  5    Spells: 11/11 levels left

rFire   + + .      SeeInvis .     - Unarmed
rCold   . . .      Faith    .   (no shield)
rNeg    . . .      Spirit   .   a - +0 robe
rPois   .          Reflect  .   (helmet restricted)
rElec   .          Harm     .   (no cloak)
rCorr   .          Rampage  .   (gloves unavailable)
Will    .....                   (boots unavailable)
Stlth   +.........              (no amulet)
HPRegen 1.06/turn               d - +4 ring of evasion
MPRegen 0.12/turn               m - ring of protection from fire

@: lethally poisoned (-7 -> -17), about to teleport, fiery-armoured
A: large, unfitting armour, claws 3, regeneration 1, shaggy fur 1, tough skin 1
a: Renounce Religion, Fiery Armour, Foxfire Swarm, Rising Flame


You were on level 8 of the Dungeon.
You worshipped Ignis.
Ignis was pleased with you.
You visited 1 branch of the dungeon, and saw 8 of its levels.
You also visited: Sewer.

You collected 450 gold pieces.


Innate Abilities, Weirdness & Mutations

You are too large for most types of armour.
You have claws for hands.
Your natural rate of healing is unusually fast.
You are covered in fur. (AC +1)
You have tough skin. (AC +1)


   Skills:
 - Level 5.0 Fighting
 - Level 5.0 Throwing
 - Level 1.8 Dodging
 + Level 13.5 Unarmed Combat
 - Level 1.0 Spellcasting
 - Level 2.1 Fire Magic


You had 11 spell levels left.
You didn't know any spells.
Your spell library contained the following spells:

 Spells                   Type           Power      Damage    Failure   Level
 Scorch                   Fire           8%         2d5       22%         2

Inventory:

Missiles
 b - 5 boomerangs
 j - 8 large rocks (quivered)
Armour
 a - a +0 robe (worn)
Jewellery
 d - a +4 ring of evasion (left claw)
 m - a ring of protection from fire (right claw)
 p - an amulet of reflection
 q - a ring of poison resistance
Wands
 g - a wand of digging (5)
Scrolls
 k - 5 scrolls of identify
 n - a scroll of enchant armour
 o - 2 scrolls of enchant weapon
Potions
 c - 2 potions of cancellation
 e - 3 potions of might
 f - 2 potions of heal wounds
 h - a potion of resistance
 i - 2 potions of curing
 l - a potion of haste

Dungeon Overview and Level Annotations

Branches:
Dungeon (8/15)             Temple (0/1) D:4           Sewer (visited)
   Lair: D:8-11

Altars:
Cheibriados
Dithmenos
Okawaru
Sif Muna
Wu Jian
Xom
Yredelemnul
Zin

Annotations:
D:3 2 transporters, qw's ghost, weakling TeWr


Message History

The boulder beetle leaps!
The nine-headed hydra completely misses you.
The nine-headed hydra bites you.
The nine-headed hydra is burned by your cloak of flames.
The nine-headed hydra is severely wounded.
The nine-headed hydra bites you but does no damage.
The nine-headed hydra is burned by your cloak of flames.
The nine-headed hydra is almost dead.
The nine-headed hydra bites you but does no damage.
The nine-headed hydra is burned by your cloak of flames.
The nine-headed hydra is almost dead.
The nine-headed hydra barely misses you.
The nine-headed hydra bites you!
The nine-headed hydra is burned by your cloak of flames.
You kill the nine-headed hydra!
You scratch the boulder beetle but do no damage.
The boulder beetle closely misses you.
You claw the boulder beetle! You claw the boulder beetle!!
The boulder beetle is heavily wounded.
The meliai closely misses you. x2; The meliai hits you with a +0 hand axe.
The meliai is burned by your cloak of flames.
The meliai is moderately wounded.
The meliai stings you.
You are poisoned.
The meliai poisons you!
The meliai is burned by your cloak of flames.
The meliai is heavily wounded.
The boulder beetle bites you!
The kobold demonologist miscasts a cantrip.
6863 ||| READING scroll of teleportation.
As you read the scroll of teleportation, it crumbles to dust.
You feel strangely unstable.
You feel very sick. The meliai hits you but does no damage.
The meliai is burned by your cloak of flames.
The meliai is heavily wounded.
The meliai barely misses you.
The meliai calls down the wrath of its god upon you.
Something smites you!
You die...

##....##..###.#.###....##.....
#........##.#.#.#(##.........# #
#.###.#####.#.#.#.#########..#
####.##...##.#.#.#.#.#.#(...##.##
..##.#.###.#.#.#.#.#.#.#####.#.##
.....#.#:#.#.....:....%....%##.##
##...##.##.#.#.#.#.#.#.#####.#.#.
##...####.##.#.#B#.#.#.#....##...
#....###)#####.#@#.#.#####.###...
....##.#.#.###[#y#.#)###.#.#.##..
...##.#.#.#.####(#.####..#.#..##.
..##.#.#.#.#.####K####...#.#...##
..#.#.#.#.#.#.# c #....#.#....#
..##.#.#.#.#.## :B #####...#####
..#.#.#.#.#.#.# #. #.....}.....#
..##.#.#.#.#.## ..#####)%.#####
..#.#.#.#.#.#.# #....#)#....#


You could see 2 boulder beetles, a centaur warrior, a kobold demonologist and a
meliai.

Vanquished Creatures
  A hydra (D:8)
  Pikel (D:7)
  A cyclops (D:8)
  Grinder (D:3)
  4 yaks
  A wyvern (D:8)
  2 steam dragons (D:8)
  2 water moccasins
  Duvessa (D:5)
  An ice beast (D:6)
  3 sky beasts (D:8)
  3 orc warriors
  A black bear (D:6)
  2 ogres (D:4)
  A kobold brigand (D:8)
  3 bullfrogs
  3 necrophages
  4 scorpions
  8 wights
  Dowan (D:5)
  2 killer bees (D:8)
  2 hounds
  2 jellies (D:8)
  An orc priest (D:5)
  A gnoll bouda (D:7)
  3 orc wizards
  An iguana (D:5)
  9 gnolls
  8 adders
  2 shadow imps
  An ufetubus (D:7)
  6 worms
  2 dart slugs
  20 orcs
  4 bats
  11 endoplasms
  5 giant cockroaches
  7 goblins
  5 hobgoblins
  11 jackals
  3 quokkas
  6 ball pythons
  2 frilled lizards
  7 kobolds
  6 rats
171 creatures vanquished.

Notes
Turn   | Place    | Note
-------+----------+-------------------------------------------
     0 | D:1      | qw the Troll Cinder Acolyte began the quest for the Orb.
     0 | D:1      | Reached XP level 1. HP: 22/22 MP: 1/1
     0 | D:1      | 0 ||| qw: Version: 0.1-a-97-g2dd2ca4
     0 | D:1      | 0 ||| qw: Game counter: 4468
     0 | D:1      | 0 ||| qw: Always use a shield: true
     0 | D:1      | 0 ||| qw: God list: Okawaru
     0 | D:1      | 0 ||| qw: Allow faded altars: false
     0 | D:1      | 0 ||| qw: Do Orc after D:15 true
     0 | D:1      | 0 ||| qw: Do second Lair branch before Depths: true
     0 | D:1      | 0 ||| qw: Lair rune preference: random
     0 | D:1      | 0 ||| qw: Plans: Normal
     0 | D:1      | 0 ||| PLANNING D:1-11
    24 | D:1      | 24 ||| Stepping ~*~*~tactically~*~*~ (stealth).
   188 | D:1      | Reached XP level 2. HP: 27/29 MP: 2/2
   244 | D:1      | 244 ||| Stepping ~*~*~tactically~*~*~ (stealth).
   302 | D:1      | Reached skill level 4 in Unarmed Combat
   328 | D:1      | Found a faded altar of an unknown god.
   329 | D:1      | 329 ||| Stepping ~*~*~tactically~*~*~ (stealth).
   332 | D:1      | 332 ||| Stepping ~*~*~tactically~*~*~ (stealth).
   529 | D:1      | 529 ||| READING scroll labelled OMPOEW SIDIE.
   530 | D:1      | 530 ||| READING scroll labelled ICKYWO TONOUM.
   531 | D:1      | 531 ||| READING scroll labelled KAEMIH YTAGE.
   544 | D:2      | 544 ||| STAIRDANCE
   550 | D:1      | Reached XP level 3. HP: 33/36 MP: 3/3
   662 | D:2      | 662 ||| Stepping ~*~*~tactically~*~*~ (outnumbered).
   663 | D:2      | 663 ||| Stepping ~*~*~tactically~*~*~ (outnumbered).
   664 | D:2      | 664 ||| Stepping ~*~*~tactically~*~*~ (outnumbered).
   830 | D:2      | Found a shimmering blue altar of Sif Muna.
  1209 | D:2      | 1209 ||| READING scroll labelled XAREOM UTEIHO.
  1210 | D:2      | 1210 ||| READING scroll labelled LAFATS KOILO.
  1211 | D:2      | 1211 ||| READING scroll labelled DUPSIY DYCHO.
  1212 | D:2      | 1212 ||| READING scroll labelled FAUGOAHUTI.
  1231 | D:2      | 1231 ||| READING scroll labelled TYQUEBB BIURCH.
  1256 | D:3      | Reached XP level 4. HP: 44/44 MP: 4/4
  1298 | D:3      | Found a transporter.
  1299 | D:3      | Noticed qw's ghost (weakling TeWr)
  1372 | D:3      | Found a glowing silver altar of Zin.
  1372 | D:3      | Noticed an angel
  1377 | D:3      | Noticed Grinder
  1387 | D:3      | HP: 11/44 [Grinder (6)]
  1388 | D:3      | 1388 ||| INVOKING Fiery Armour.
  1389 | D:3      | Killed Grinder
  1390 | D:3      | Reached skill level 6 in Unarmed Combat
  1390 | D:3      | Reached XP level 5. HP: 14/50 MP: 5/5
  1612 | D:3      | 1612 ||| Stepping ~*~*~tactically~*~*~ (hiding).
  1613 | D:3      | 1613 ||| Stepping ~*~*~tactically~*~*~ (hiding).
  1702 | D:3      | 1702 ||| Stepping ~*~*~tactically~*~*~ (stealth).
  1740 | D:3      | Found a transporter.
  1764 | D:3      | 1764 ||| Stepping ~*~*~tactically~*~*~ (stealth).
  1794 | D:3      | Identified the +7 spear of Hospitality {vorpal, rElec}
  1820 | D:3      | Reached XP level 6. HP: 59/59 MP: 6/6
  1912 | D:3      | Found Xoejurgh's Antique Weapon Shoppe.
  2032 | D:3      | 2032 ||| READING scroll labelled XOOSAN ENIR.
  2036 | D:3      | 2036 ||| READING scroll labelled TESHRI PIBB.
  2037 | D:3      | 2037 ||| READING scroll labelled UCIDERHILOA.
  2038 | D:3      | 2038 ||| DRINKING 2 bubbling yellow potions.
  2039 | D:3      | 2039 ||| Stepping randomly (stuck).
  2040 | D:3      | 2040 ||| Stepping ~*~*~tactically~*~*~ (cloud).
  2120 | D:4      | Found a staircase to the Ecumenical Temple.
  2129 | D:4      | Reached skill level 7 in Unarmed Combat
  2129 | D:4      | 2129 ||| Stepping ~*~*~tactically~*~*~ (stealth).
  2131 | D:4      | 2131 ||| Stepping ~*~*~tactically~*~*~ (stealth).
  2132 | D:4      | 2132 ||| Stepping ~*~*~tactically~*~*~ (stealth).
  2311 | D:4      | 2311 ||| Stepping ~*~*~tactically~*~*~ (hiding).
  2312 | D:4      | 2312 ||| Stepping ~*~*~tactically~*~*~ (hiding).
  2440 | D:4      | 2440 ||| INVOKING Fiery Armour.
  2444 | D:4      | 2444 ||| Stepping ~*~*~tactically~*~*~ (outnumbered).
  2445 | D:4      | 2445 ||| Stepping ~*~*~tactically~*~*~ (outnumbered).
  2447 | D:4      | 2447 ||| Stepping ~*~*~tactically~*~*~ (outnumbered).
  2448 | D:4      | 2448 ||| Stepping ~*~*~tactically~*~*~ (outnumbered).
  2449 | D:4      | 2449 ||| Stepping ~*~*~tactically~*~*~ (outnumbered).
  2450 | D:4      | 2450 ||| Stepping ~*~*~tactically~*~*~ (outnumbered).
  2451 | D:4      | 2451 ||| Stepping ~*~*~tactically~*~*~ (outnumbered).
  2452 | D:4      | 2452 ||| Stepping ~*~*~tactically~*~*~ (outnumbered).
  2453 | D:4      | 2453 ||| Stepping ~*~*~tactically~*~*~ (outnumbered).
  2454 | D:4      | 2454 ||| Stepping ~*~*~tactically~*~*~ (outnumbered).
  2456 | D:4      | Reached skill level 8 in Unarmed Combat
  2459 | D:4      | Reached XP level 7. HP: 43/66 MP: 7/7
  2461 | D:4      | Reached skill level 3 in Fighting
  2540 | D:4      | 2540 ||| Stepping ~*~*~tactically~*~*~ (stealth).
  3035 | D:4      | 3035 ||| DRINKING 2 fizzy grey potions.
  3036 | D:4      | 3036 ||| DRINKING 3 yellow potions.
  3037 | D:4      | 3037 ||| DRINKING 2 pink potions.
  3038 | D:4      | 3038 ||| READING 3 scrolls of identify.
  3038 | D:4      | 3038 ||| IDENTIFYING murky yellow potion
  3039 | D:4      | 3039 ||| READING 2 scrolls of identify.
  3039 | D:4      | 3039 ||| IDENTIFYING emerald potion
  3040 | D:4      | 3040 ||| DROPPING potion of flight.
  3041 | D:4      | 3041 ||| DROPPING potion of degeneration.
  3065 | D:5      | Entered Level 5 of the Dungeon
  3077 | D:5      | 3077 ||| Stepping ~*~*~tactically~*~*~ (stealth).
  3083 | D:5      | Reached skill level 1 in Throwing
  3086 | D:5      | 3086 ||| Stepping ~*~*~tactically~*~*~ (stealth).
  3106 | D:5      | 3106 ||| Stepping ~*~*~tactically~*~*~ (stealth).
  3107 | D:5      | 3107 ||| Stepping ~*~*~tactically~*~*~ (stealth).
  3127 | D:5      | 3127 ||| Stepping ~*~*~tactically~*~*~ (stealth).
  3212 | D:5      | Noticed Duvessa
  3215 | D:5      | Reached skill level 3 in Throwing
  3215 | D:5      | Reached XP level 8. HP: 75/75 MP: 8/8
  3215 | D:5      | Noticed Dowan
  3216 | D:5      | 3216 ||| Stepping ~*~*~tactically~*~*~ (hiding).
  3217 | D:5      | 3217 ||| INVOKING Fiery Armour.
  3224 | D:5      | Killed Duvessa
  3225 | D:5      | Reached skill level 9 in Unarmed Combat
  3225 | D:5      | 3225 ||| FLEEEEING.
  3226 | D:5      | 3226 ||| Stepping ~*~*~tactically~*~*~ (hiding).
  3234 | D:5      | Killed Dowan
  3385 | D:5      | 3385 ||| Stepping ~*~*~tactically~*~*~ (stealth).
  3484 | D:5      | Found an ornate altar of the Wu Jian Council.
  3580 | D:5      | 3580 ||| READING scroll labelled ESOINNOUTHRA.
  3606 | D:6      | 3606 ||| PLANNING SEWER
  3673 | D:6      | 3673 ||| Stepping ~*~*~tactically~*~*~ (stealth).
  3682 | D:6      | 3682 ||| INVOKING Fiery Armour.
  3687 | D:6      | HP: 9/75 [orc warrior/+0 trident (13)]
  3688 | D:6      | 3688 ||| DRINKING 2 potions of heal wounds.
  3691 | D:6      | Reached skill level 1 in Dodging
  3775 | D:6      | 3775 ||| Stepping ~*~*~tactically~*~*~ (stealth).
  3783 | D:6      | 3783 ||| Stepping ~*~*~tactically~*~*~ (stealth).
  3786 | D:6      | Reached skill level 10 in Unarmed Combat
  3786 | D:6      | 3786 ||| Stepping ~*~*~tactically~*~*~ (hiding).
  3809 | D:6      | 3809 ||| Stepping ~*~*~tactically~*~*~ (outnumbered).
  3811 | D:6      | 3811 ||| Stepping ~*~*~tactically~*~*~ (outnumbered).
  3818 | D:6      | Reached XP level 9. HP: 69/85 MP: 9/9
  3917 | D:6      | Found a glowing drain.
  3931 | Sewer    | Entered a sewer
  3938 | Sewer    | 3938 ||| Stepping ~*~*~tactically~*~*~ (stealth).
  4058 | Sewer    | 4058 ||| UPGRADING to +4 ring of evasion.
  4059 | Sewer    | 4059 ||| READING scroll labelled FEFABEDWAO.
  4174 | D:6      | 4174 ||| PLANNING D:1-11
  4495 | D:6      | Reached skill level 11 in Unarmed Combat
  4560 | D:6      | 4560 ||| READING 2 scrolls of identify.
  4560 | D:6      | 4560 ||| IDENTIFYING purple potion
  4589 | D:7      | Noticed Pikel
  4590 | D:7      | 4590 ||| STAIRDANCE
  4601 | D:7      | 4601 ||| Stepping ~*~*~tactically~*~*~ (stealth).
  4608 | D:7      | Killed Pikel
  4666 | D:7      | 4666 ||| INVOKING Fiery Armour.
  4752 | D:7      | 4752 ||| Stepping ~*~*~tactically~*~*~ (outnumbered).
  4753 | D:7      | 4753 ||| Stepping ~*~*~tactically~*~*~ (outnumbered).
  4756 | D:7      | 4756 ||| Stepping ~*~*~tactically~*~*~ (outnumbered).
  4781 | D:7      | Identified the +6 chain mail of Unbearable Curiosity
                  | {+Blink rElec rPois Will- Stlth-}
  4790 | D:7      | 4790 ||| Stepping ~*~*~tactically~*~*~ (outnumbered).
  4804 | D:7      | 4804 ||| INVOKING Fiery Armour.
  4809 | D:7      | HP: 17/85 [orc warrior/+0 glaive (9)]
  4810 | D:7      | 4810 ||| READING scroll of teleportation.
  4811 | D:7      | 4811 ||| DRINKING 3 potions of heal wounds.
  5046 | D:7      | 5046 ||| Stepping ~*~*~tactically~*~*~ (stealth).
  5051 | D:7      | 5051 ||| Stepping ~*~*~tactically~*~*~ (outnumbered).
  5059 | D:7      | 5059 ||| INVOKING Fiery Armour.
  5131 | D:7      | Reached skill level 12 in Unarmed Combat
  5131 | D:7      | 5131 ||| Stepping ~*~*~tactically~*~*~ (hiding).
  5133 | D:7      | 5133 ||| Stepping ~*~*~tactically~*~*~ (hiding).
  5344 | D:7      | 5344 ||| UPGRADING to ring of protection from fire.
  5376 | D:8      | 5376 ||| INVOKING Fiery Armour.
  5653 | D:8      | Found a shadowy altar of Dithmenos.
  5700 | D:8      | Found a shimmering altar of Xom.
  5705 | D:8      | Found a basalt altar of Yredelemnul.
  6125 | D:8      | Reached XP level 10. HP: 96/96 MP: 10/10
  6158 | D:8      | 6158 ||| Stepping ~*~*~tactically~*~*~ (stealth).
  6580 | D:8      | Found an iron altar of Okawaru.
  6580 | D:8      | Found a snail-covered altar of Cheibriados.
  6686 | D:8      | 6686 ||| INVOKING Fiery Armour.
  6813 | D:8      | Noticed a cyclops
  6819 | D:8      | Killed a cyclops
  6820 | D:8      | Reached skill level 13 in Unarmed Combat
  6849 | D:8      | Noticed a boulder beetle
  6850 | D:8      | 6850 ||| INVOKING Fiery Armour.
  6851 | D:8      | Noticed a boulder beetle
  6851 | D:8      | Noticed a centaur warrior
  6852 | D:8      | Noticed an eight-headed hydra
  6854 | D:8      | Identified the +10 dagger "Xymy" {drain, Str+2}
  6859 | D:8      | Identified the +1 robe of an ice cave {rElec Will+ Str+4
                  | Int+3}
  6860 | D:8      | Noticed a sun demon
  6860 | D:8      | Killed a nine-headed hydra
  6862 | D:8      | HP: 24/96 [meliai/+0 hand axe (1)]
  6862 | D:8      | HP: 8/96 [boulder beetle (16)]
  6863 | D:8      | 6863 ||| READING scroll of teleportation.
  6863 | D:8      | Killed from afar by a meliai

Levels and vault maps discovered:
D:1:      wheals_arrival_shading, layout_basic,
          shapermc_ecumenical_altar_mp_highgroup
D:2:      layout_loops_ring, basic_altar
D:3:      layout_loops_ring, zin_angel, serial_shops, shop,
          gammafunk_ghost_mausoleum, minmay_splitting_lines, uniq_grinder
D:4:      layout_basic, temple_fountains, wad_floor_pattern_untrapped,
          grunt_ministairs_14, dreamdust_princess_bridge
D:5:      layout_rooms, mainiacjoe_overflow_alcove_2, uniq_duvessa
D:6:      layout_loops_cross, cheibrodos_sewer_entry_bend
D:7:      layout_rooms, serial_rivers, chequers_serial_rivers_micro_a,
          chequers_serial_rivers_micro_e, chequers_serial_rivers_large_b,
          chequers_serial_rivers_micro_a, chequers_serial_rivers_large_a,
          chequers_serial_rivers_small_3, uniq_pikel
D:8:      minmay_the_grid_octo_tiled_squarecenter [minmay_the_grid_octo_empty,
          minmay_the_grid_octo_clover, minmay_the_grid_octo_teeth,
          minmay_the_grid_octo_checkered,
          minmay_the_grid_square_5x5_megaprize_crossed,
          minmay_the_grid_square_5x5_three_small,
          minmay_the_grid_square_5x5_spiral, minmay_the_grid_square_5x5_shrine2,
          minmay_the_grid_square_5x5_spiral_small], layout_layer_cave,
          nicolae_overflow_hidden_temple, gammafunk_temple_overflow_wave

Skill      XL: |  1  2  3  4  5  6  7  8  9 10 |
---------------+-------------------------------+-----
Unarmed Combat | 4 6 8 10 12 13 | 13.5
Fighting       | 3 4 5 |  5.0
Throwing       | 3 5 |  5.0
Dodging        | 1 |  1.8
Spellcasting   | |  1.0
Fire Magic     | |  2.1

Action                   |  1- 3 |  4- 6 |  7- 9 | 10-12 || total
-------------------------+-------+-------+-------+-------++-------
Melee: Unarmed           |   112 |    72 |   197 |    46 ||   427
       Punch             |     3 |     1 |     6 |     5 ||    15
Throw: Boomerang         |       |     6 |    17 |       ||    23
       Large rock        |       |       |    48 |     7 ||    55
Invok: Fiery Armour      |       |     2 |     6 |     2 ||    10
  Use: Scroll            |     8 |     3 |     6 |     1 ||    18
       Potion            |       |     1 |     5 |       ||     6
Armor: Robe              |    27 |    25 |    46 |    13 ||   111
Dodge: Dodged            |    55 |    31 |    93 |    27 ||   206

Table legend:
 A = Non-vault XP
 B = Vault XP
 C = Vault XP percentage of total XP
 D = Non-vault monster count
 E = Vault monster count
 F = Vault count percentage of total count
                 A         B        C        D         E       F
            +---------+---------+-------+---------+---------+-------
      Total |    4465 |    3404 |  43.3 |     149 |      22 |  12.9
            +---------+---------+-------+---------+---------+-------
        D:1 |      51 |       0 |   0.0 |      22 |       0 |   0.0
        D:2 |      43 |       0 |   0.0 |      20 |       0 |   0.0
        D:3 |      57 |     254 |  81.7 |      16 |       1 |   5.9
        D:4 |     606 |      94 |  13.4 |      29 |       2 |   6.5
        D:5 |     424 |     209 |  33.0 |      18 |       2 |  10.0
        D:6 |    1591 |      15 |   0.9 |      16 |       3 |  15.8
        D:7 |     771 |     538 |  41.1 |      21 |       1 |   4.5
        D:8 |     922 |    2143 |  69.9 |       7 |      10 |  58.8
      Sewer |       0 |     151 | 100.0 |       0 |       3 | 100.0
            +---------+---------+-------+---------+---------+-------
